 Dungeon Crawl Stone Soup version 0.28-a0-503-g83f2989fac (webtiles) character file.

Game seed: 3916114308371022701

53461 ragingrage the Impaler (level 14, -5/113 HPs)
             Began as a Demonspawn Chaos Knight on Sept 20, 2021.
             Was a Plaything of Xom.
             Slain by a gargoyle (15 damage)
             ... on level 11 of the Dungeon.
             The game lasted 00:28:50 (20472 turns).

ragingrage the Impaler (Demonspawn Chaos Knight)   Turns: 20472, Time: 00:28:51

Health: -5/113     AC: 17    Str: 17 (18) XL:     14   Next: 31%
Magic:  23/23      EV: 14    Int: 14      God:    Xom [....*.]
Gold:   1173       SH:  0    Dex: 14      Spells: 13/13 levels left

rFire   + . .      SeeInvis +   b - +4 glaive of the Viper {drain, *Noise rN+ MP+9 SInv}
rCold   . . .      Faith    .   (shield currently unavailable)
rNeg    + . .      Spirit   .   i - +4 scale mail {rF+}
rPois   .          Reflect  .   (helmet restricted)
rElec   .          Harm     .   (no cloak)
rCorr   .          Rampage  .   (no gloves)
Will    +....                   l - +0 pair of boots
Stlth   ..........              (no amulet)
HPRegen 0.00/turn               v - +4 ring of protection
MPRegen 0.18/turn               W - +6 ring of strength

@: spiked, inhibited regen
A: hooves 2, repulsion field 2, ignite blood 2, powered by death 2, antennae 1,
beak, see invisible, inhibited regeneration, weak 2, MP-powered wands
a: Renounce Religion


You were on level 11 of the Dungeon.
You worshipped Xom.
You were a beloved toy of Xom.
You visited 2 branches of the dungeon, and saw 17 of its levels.
You also visited: Sewer.

You collected 1173 gold pieces.

Inventory:

Hand Weapons
 a - a +5 trident of freezing
 b - the +4 glaive of the Viper (weapon) {drain, *Noise rN+ MP+9 SInv}
   (Xom gifted it to you on level 4 of the Lair of Beasts)

   A truly terrible weapon, it drains the life of any living foe it strikes.
   rN:        It protects you from negative energy.
   MP:        It affects your magic capacity (+9).
   SInv:      It lets you see invisible.
   *Noise:    It may make noises in combat.
 B - the +11 plutonium sword {Contam Stlth-}
   (You took it off Maggie on level 7 of the Dungeon)

   It occasionally inflicts wild transmutation effects on those it strikes,
   inflicting malmutation or extra damage, or polymorphing them into a new form.
   Contam:    It causes magical contamination when unequipped.
   Stlth:     It makes you less stealthy.
 N - the +8 storm bow {elec, penet}
   (You found it on level 9 of the Dungeon)

   Any ammunition fired from it occasionally discharges a powerful burst of
   electricity upon striking a foe.
   Any ammunition fired by it passes through the targets it hits, potentially
   hitting all targets in its path until it reaches maximum range.
Missiles
 p - 3 silver javelins
 E - 3 curare-tipped darts (quivered)
 G - 2 throwing nets
 T - 14 atropa-tipped darts
Armour
 i - a +4 scale mail of fire resistance (worn)
 l - a +0 pair of boots (worn)
 D - the +1 helmet of Amelioration {Rampage rN+}
   (You found it on level 8 of the Dungeon)

   rN:        It protects you from negative energy.
   Rampage:   It bestows one free step when moving towards enemies.
Jewellery
 j - a ring of protection from fire
 u - a ring of resist corrosion
 v - a +4 ring of protection (left hand)
 C - a ring of protection from cold
 H - a ring of protection from cold
 W - a +6 ring of strength (right hand)
 X - a ring of poison resistance
 Y - a +6 ring of strength
Wands
 m - a wand of flame (28)
 o - a wand of digging (3)
 y - a wand of charming (3)
 J - a wand of acid (22)
 Q - a wand of paralysis (13)
 U - a wand of iceblast (22)
Scrolls
 f - 4 scrolls of magic mapping
 k - 2 scrolls of fog
 r - 5 scrolls of identify
 s - 4 scrolls of teleportation
 t - 3 scrolls of enchant weapon
 w - 3 scrolls of fear
 F - 2 scrolls of brand weapon
 I - a scroll of vulnerability
 O - 3 scrolls of blinking
 V - 3 scrolls of enchant armour
Potions
 d - 4 potions of brilliance
 e - 11 potions of curing
 g - 6 potions of flight
 n - 2 potions of attraction {unknown}
 q - 9 potions of ambrosia
 x - a potion of cancellation {unknown}
 z - a potion of mutation {unknown}
 K - a potion of magic {unknown}
 L - a potion of invisibility
 M - 3 potions of haste {unknown}
 P - a potion of might {unknown}
 R - 3 potions of resistance
 S - a potion of lignification {unknown}
Miscellaneous
 c - a box of beasts (inert)
 h - a piece from Xom's chessboard (15/15)


   Skills:
 - Level 11.0 Fighting
 * Level 16.2 Polearms
 - Level 3.0 Throwing
 - Level 9.0 Armour
 - Level 5.0 Dodging
 + Level 8.4 Evocations


You had 13 spell levels left.
You didn't know any spells.
Your spell library contained the following spells:

 Spells                   Type           Power      Damage    Failure   Level
 Sting                    Tmut/Pois      0%         1d3       63%         1
 Poisonous Vapours        Pois/Air       0%         N/A       77%         2
 Sublimation of Blood     Necr           0%         N/A       77%         2
 Wereblood                Tmut           0%         N/A       77%         2
 Gell's Gravitas          Tloc           0%         N/A       94%         3
 Lesser Beckoning         Tloc           0%         N/A       94%         3
 Teleport Other           Tloc           0%         N/A       94%         3
 Animate Dead             Necr           0%         N/A       100%        4
 Olgreb's Toxic Radiance  Pois           0%         N/A       100%        4
 Alistair's Intoxication  Tmut/Pois      0%         N/A       100%        5
 Borgnjor's Vile Clutch   Necr/Erth      0%         N/A       100%        5
 Death Channel            Necr           0%         N/A       100%        6
 Eringya's Noxious Bog    Tmut/Pois      0%         N/A       100%        6
 Summon Hydra             Summ           0%         N/A       100%        7
 Borgnjor's Revivificati  Necr           0%         N/A       100%        8
 Necromutation            Tmut/Necr      0%         N/A       100%        8
 Death's Door             Necr           0%         N/A       100%        9


Dungeon Overview and Level Annotations

Branches:
Dungeon (11/15)            Temple (0/1) D:4            Lair (6/6) D:8
  Swamp (0/4) Lair:3       Spider (0/4) Lair:3        Slime (0/5) Lair:6
  Sewer (visited)
    Orc: D:9-12

Altars:
Fedhas
Kikubaaqudgha
Xom
The Shining One
Jiyva

Shops:
D:3 [

Annotations:
D:10 exclusions: 2 doors, oklob plant and oklob sapling
Lair:6 1 runed translucent door


Innate Abilities, Weirdness & Mutations

You have hoof-like feet.
You are surrounded by a moderate repulsion field. (EV +3)
Your demonic aura often causes spilled blood to erupt in flames.
You regenerate health from kills.
You have a pair of small antennae on your head.
You have a beak for a mouth.
You have supernaturally acute eyesight. (SInv)
You do not regenerate when monsters are visible.
You are very weak. (Str -4)
You expend magic power (3 MP) to strengthen your wands.


Message History

Aim: a gargoyle, wielding a +0 flail (almost destroyed, about 19% to evade the +4 glaive of the Viper)
You slash the gargoyle!
You destroy the gargoyle!
The manticore bites your butterfly!
Your butterfly dies!
Your butterfly disappears in a puff of smoke!
The orc warrior hits your butterfly with a +0 glaive!
Your butterfly is killed!
Your butterfly disappears in a puff of smoke!
The gargoyle barely misses you.
Your life force feels restored.
Reach: b) +4 glaive of the Viper {drain, *Noise rN+ MP+9 SInv}
Press: ? - help, Dir - move target, f - gargoyle
Aim: a gargoyle, wielding a +0 mace (about 19% to evade the +4 glaive of the Viper)
The orc warrior shouts!
You slice the gargoyle!! Your peck misses the gargoyle.
The gargoyle is severely damaged.
Your butterfly is engulfed in blazing flames.
You kill your butterfly!
Your butterfly disappears in a puff of smoke!
The manticore flicks its tail.
The volley of spikes hits you!
The barbed spikes become lodged in your body.
* * * LOW HITPOINT WARNING * * *
The gargoyle misses you.
Reach: b) +4 glaive of the Viper {drain, *Noise rN+ MP+9 SInv}
Press: ? - help, Dir - move target, f/p - gargoyle
Aim: a gargoyle, wielding a +0 mace (severely damaged, about 19% to evade the +4 glaive of the Viper)
You barely miss the gargoyle.
You peck the gargoyle, but do no damage.
The gargoyle is severely damaged.
The manticore flicks its tail.
The volley of spikes hits you.
The barbed spikes become lodged in your body.
* * * LOW HITPOINT WARNING * * *
You feel better.
The orc warrior completely misses your butterfly.
The gargoyle hits you with a +0 mace!
You die...
Xom thinks this is hilarious!

##.##### # #......# ...#.
#....<.# ###
......#####..#..#########..
#.......##...######..#.#..#
#....#......#.###........#
##....#........##......#..#
......b.b9.○.......##..##.#
...§§.ob)@........##......
####..Ho##################
###..)..# # #....)### ..#
##...))##...o.
#.....))...o..
.......))....?o
..........#...# ..........#
8##


You could see a manticore, 2 orc warriors and a gargoyle.

Vanquished Creatures
  A spark wasp (Lair:5)
  A bunyip (Lair:5)
  A fire dragon (Lair:4)
  5 hydras
  Erica (D:8)
  A two-headed ogre (D:10)
  7 death yaks
  A catoblepas (Lair:4)
  A goliath frog (Lair:6)
  A deep elf pyromancer (D:10)
  A lindwurm (Lair:5)
  3 oklob plants
  A cyclops (Lair:2)
  2 manticores
  11 elephants
  4 black mambas
  A gargoyle (D:11)
  18 cane toads
  Joseph (D:8)
  Maggie (D:7)
  10 komodo dragons
  A demonic crawler (Lair:3)
  Psyche (D:9)
  A kobold demonologist (D:8)
  3 trolls
  3 tyrant leeches (Lair:6)
  2 polar bears
  A meliai (shapeshifter) (Sewer)
  A hornet (D:10)
  15 blink frogs
  2 vampires (D:9)
  43 yaks
  4 wyverns
  5 basilisks
  9 vampire mosquitoes
  A steam dragon (D:8)
  An acid dragon (D:5)
  15 water moccasins
  2 black bears
  8 orc warriors
  A boggart (Lair:2)
  2 ogres
  5 necrophages
  5 wolves (Lair:2)
  A phantom (D:5)
  8 kobold brigands
  A scorpion (Lair:3)
  24 bullfrogs
  2 gnoll sergeants
  A water moccasin zombie (D:5)
  A wyvern zombie (D:8)
  22 killer bees
  An electric eel (Lair:6)
  3 howler monkeys (D:8)
  12 wights
  A bullfrog zombie (D:5)
  2 centaur zombies
  2 hounds
  4 orc priests
  A jelly (D:4)
  A centaur skeleton (D:5)
  Ijyb (D:3)
  8 orc wizards
  4 iguanas
  5 hell rats (Lair:6)
  A merfolk avatar (Sewer)
  A howler monkey zombie (D:8)
  Robin (D:2)
  7 gnolls
  A howler monkey skeleton (D:7)
  10 adders
  3 river rats (Sewer)
  A shadow imp (D:8)
  3 white imps
  An ufetubus (D:5)
  6 worms
  30 orcs
  18 ball pythons
  4 endoplasms
  6 giant cockroaches
  12 goblins
  9 hobgoblins
  4 jackals (D:10)
  36 kobolds
  6 quokkas
  3 bats
  8 frilled lizards
  10 kobold skeletons (D:8)
  7 kobold zombies (D:8)
  25 rats
522 creatures vanquished.

Vanquished Creatures (collateral kills)
  A komodo dragon (Lair:1)
  A queen bee (Lair:3)
  Grinder (D:6)
  2 yaks (Lair:6)
  A merfolk siren (Sewer)
  2 gnolls (D:6)
  An adder (D:6)
  A giant cockroach (D:6)
  A rat (Sewer)
11 creatures vanquished.

Vanquished Creatures (others)
  A bush (D:10)
  46 fungi
  93 plants
  5 toadstools (D:1)
145 creatures vanquished.

Grand Total: 678 creatures vanquished

Notes
Turn   | Place    | Note
-------+----------+-------------------------------------------
     0 | D:1      | ragingrage the Demonspawn Chaos Knight began the quest for
                  | the Orb.
     0 | D:1      | Reached XP level 1. HP: 18/18 MP: 1/1
    70 | D:1      | XOM: divination: detect creatures
    73 | D:1      | Reached skill level 1 in Dodging
   281 | D:1      | Gained mutation: Your demonic aura sometimes causes spilled
                  | blood to erupt in flames. [demonic ancestry]
   281 | D:1      | Reached XP level 2. HP: 24/24 MP: 2/2
   285 | D:1      | XOM: butterfly on damage
   429 | D:1      | XOM: silly message
   581 | D:2      | Reached skill level 3 in Polearms
   605 | D:2      | Reached XP level 3. HP: 24/29 MP: 3/3
   617 | D:2      | XOM: god gift: 15 arrows
   680 | D:2      | Noticed Robin
   796 | D:2      | Killed Robin
   962 | D:2      | Found a shimmering altar of Xom.
  1040 | D:2      | XOM: summons 2 hostile shadow creatures
  1225 | D:2      | XOM: god gift: leather armour {god gift}
  1447 | D:2      | XOM: noise
  1707 | D:3      | Found Rucwabb's Antique Armour Emporium.
  1741 | D:3      | Reached XP level 4. HP: 27/35 MP: 4/4
  1866 | D:3      | Reached skill level 4 in Polearms
  1949 | D:3      | Noticed Ijyb
  1990 | D:3      | Killed Ijyb
  2002 | D:3      | XOM: 9-stop teleportation journey
  2104 | D:3      | XOM: give mutations
  2104 | D:3      | Gained mutation: You have sharp toenails. [Xom's grace]
  2104 | D:3      | Gained mutation: You have supernaturally acute eyesight.
                  | (SInv) [Xom's grace]
  2104 | D:3      | Gained mutation: You have sharp fingernails. [Xom's grace]
  2104 | D:3      | Gained mutation: You have hidden genetic potential. [Xom's
                  | grace]
  2326 | D:3      | Found a faded altar of an unknown god.
  2376 | D:3      | XOM: scenery: create altars
  2412 | D:4      | Noticed a bullfrog
  2419 | D:4      | XOM: scenery: summon butterflies
  2429 | D:4      | XOM: cleaving
  2433 | D:4      | Killed a bullfrog
  2434 | D:4      | Reached skill level 5 in Polearms
  2434 | D:4      | Gained mutation: Your demonic aura often causes spilled
                  | blood to erupt in flames. [demonic ancestry]
  2434 | D:4      | Reached XP level 5. HP: 22/41 MP: 5/5
  2614 | D:4      | Noticed a necrophage
  2620 | D:4      | XOM: noise
  2625 | D:4      | Gained mutation: You have a pair of small antennae on your
                  | head. [hidden potential]
  2632 | D:4      | Killed a necrophage
  2633 | D:4      | Lost mutation: You have sharp toenails. [demonic ancestry]
  2633 | D:4      | Gained mutation: You have large cloven feet. [demonic
                  | ancestry]
  2633 | D:4      | Reached XP level 6. HP: 37/47 MP: 6/6
  2701 | D:4      | XOM: divination: detect items
  2713 | D:4      | Reached skill level 6 in Polearms
  2714 | D:4      | Gained mutation: You are partially covered in large bone
                  | plates. (SH +4) [hidden potential]
  2714 | D:4      | Lost mutation: You have hidden genetic potential. [hidden
                  | potential expressed]
  2984 | D:4      | Found a staircase to the Ecumenical Temple.
  3085 | D:3      | XOM: confusion
  3351 | D:4      | XOM: summons 2 hostile shadow creatures
  3359 | D:4      | XOM: draining
  3444 | D:5      | Entered Level 5 of the Dungeon
  3498 | D:5      | XOM: potion effect (brilliance)
  3516 | D:5      | Reached skill level 7 in Polearms
  3516 | D:5      | Gained mutation: You regenerate a little health from kills.
                  | [demonic ancestry]
  3516 | D:5      | Reached XP level 7. HP: 38/48 MP: 7/7
  3674 | D:5      | XOM: silly message
  3840 | D:5      | XOM: divination: magic mapping
  3866 | D:5      | Noticed a yak
  3866 | D:5      | a centaur changed into a yak
  3866 | D:5      | XOM: polymorph centaur -> yak
  3874 | D:5      | XOM: scenery: create altars
  3883 | D:5      | Killed a yak
  3884 | D:5      | Reached skill level 8 in Polearms
  4390 | D:5      | XOM: 3-stop teleportation journey
  4627 | D:5      | Noticed Edmund
  4629 | D:5      | Noticed Edmund
  4629 | D:5      | Edmund changed into Edmund the acid dragon
  4629 | D:5      | XOM: polymorph Edmund -> Edmund the acid dragon
  4633 | D:5      | Killed Edmund the acid dragon
  4634 | D:5      | Reached XP level 8. HP: 40/58 MP: 8/8
  4639 | D:5      | Reached skill level 9 in Polearms
  4663 | D:5      | XOM: divination: detect items
  4752 | D:5      | XOM: scenery: summon butterflies
  4898 | D:5      | XOM: god gift: staff of cold
  4934 | D:5      | XOM: give mutation
  4934 | D:5      | Gained mutation: You have a beak for a mouth. [Xom's grace]
  4993 | D:5      | XOM: 1-stop teleportation journey
  5121 | D:6      | XOM: cast spell 'Discord'
  5122 | D:6      | Noticed Grinder
  5135 | D:6      | Paralysed by Grinder for 5 turns
  5141 | D:6      | Killed Grinder
  5169 | D:6      | Found a glowing drain.
  5194 | Sewer    | Entered a sewer
  5238 | Sewer    | XOM: noise
  5313 | Sewer    | Noticed a shapeshifter
  5313 | Sewer    | a rat changed into a shapeshifter
  5313 | Sewer    | XOM: polymorph rat -> shapeshifter
  5314 | Sewer    | Noticed a komodo dragon
  5314 | Sewer    | a shapeshifter changed into a komodo dragon
  5319 | Sewer    | XOM: summons friendly crimson imp
  5320 | Sewer    | Noticed a meliai
  5320 | Sewer    | a komodo dragon changed into a meliai
  5328 | Sewer    | Killed a meliai
  5329 | Sewer    | Reached skill level 10 in Polearms
  5361 | Sewer    | XOM: 5-stop teleportation journey
  5469 | Sewer    | XOM: polymorph crimson imp -> white imp
  5562 | Sewer    | XOM: god gift: scroll of enchant weapon
  5657 | D:6      | XOM: silly message
  5791 | D:6      | Identified the +2 chain mail of the Game Afoot {Int-3
                  | Dex+5}
  6007 | D:6      | XOM: divination: magic mapping
  6147 | D:6      | XOM: silly message
  6365 | D:7      | XOM: noise
  6372 | D:7      | XOM: noise
  6382 | D:7      | Reached XP level 9. HP: 58/64 MP: 9/9
  6964 | D:7      | Noticed Maggie
  6972 | D:7      | Killed Maggie
  6973 | D:7      | Reached skill level 11 in Polearms
  7173 | D:7      | XOM: noise
  7501 | D:8      | Identified the +1 helmet of Amelioration {Rampage rN+}
  7507 | D:8      | Found a staircase to the Lair.
  7507 | D:8      | Noticed an elephant
  7518 | D:8      | XOM: divination: magic mapping
  7524 | D:8      | XOM: blink monster(s)
  7534 | D:8      | Noticed Erica
  7540 | D:8      | XOM: noise
  7542 | D:8      | Killed an elephant
  7543 | D:8      | Reached skill level 12 in Polearms
  7554 | D:8      | Killed Erica
  7565 | D:8      | Gained mutation: You regenerate health from kills. [demonic
                  | ancestry]
  7565 | D:8      | Reached XP level 10. HP: 26/70 MP: 10/10
  7774 | D:8      | Noticed Joseph
  7786 | D:8      | Killed Joseph
  7787 | D:8      | Reached skill level 13 in Polearms
  7876 | D:8      | XOM: polymorph shadow imp -> white imp
  7911 | D:8      | XOM: chaos upgrade
  8004 | D:8      | XOM: silly message
  8050 | D:8      | Found an ancient bone altar of Kikubaaqudgha.
  8065 | D:8      | XOM: 3-stop teleportation journey
  8186 | D:8      | XOM: silly message
  8623 | D:9      | Noticed a manticore
  8625 | D:9      | XOM: divination: detect creatures
  8638 | D:9      | Killed a manticore
  8639 | D:9      | Reached skill level 14 in Polearms
  8817 | D:9      | Reached skill level 1 in Throwing
  9087 | D:9      | Noticed Psyche
  9087 | D:9      | XOM: noise
  9121 | D:8      | XOM: cloud trail
  9145 | D:9      | Killed Psyche
  9215 | D:9      | XOM: scenery: 1 doors close
  9375 | D:9      | Found the +8 storm bow {elec, penet}
  9551 | D:9      | XOM: silly message
  9637 | D:10     | Entered Level 10 of the Dungeon
  9646 | D:10     | XOM: blink monster(s)
  9655 | D:10     | XOM: enchant monster (bad)
  9685 | D:10     | Gained mutation: You are surrounded by a mild repulsion
                  | field. (EV +2) [demonic ancestry]
  9685 | D:10     | Reached XP level 11. HP: 78/78 MP: 11/11
  9747 | D:10     | Noticed a two-headed ogre
  9755 | D:10     | Killed a two-headed ogre
  9929 | D:10     | XOM: cloud trail
  9973 | D:10     | Noticed an oklob plant
  9973 | D:10     | XOM: noise
 10148 | D:10     | XOM: noise
 10184 | D:10     | Reached skill level 5 in Fighting
 10232 | D:10     | Noticed a deep elf pyromancer
 10243 | D:10     | Killed a deep elf pyromancer
 10467 | Lair:1   | Entered Level 1 of the Lair of Beasts
 10508 | Lair:1   | XOM: enchant monster (good)
 10516 | Lair:1   | XOM: silly message
 10528 | Lair:1   | XOM: swap monsters
 10535 | Lair:1   | XOM: summons friendly shadow imp
 10542 | Lair:1   | XOM: confuse monster(s)
 10543 | Lair:1   | XOM: enchant monster (bad)
 10580 | Lair:1   | XOM: divination: magic mapping
 10587 | Lair:1   | XOM: potion effect (brilliance)
 10594 | Lair:1   | XOM: cast spell 'Shadow Creatures'
 10736 | Lair:1   | XOM: silly message
 10906 | Lair:1   | Reached skill level 5 in Armour
 10944 | Lair:1   | XOM: divination: magic mapping
 11322 | Lair:1   | XOM: summons 6 hostile demons
 11422 | Lair:2   | Reached skill level 5 in Dodging
 11425 | Lair:2   | XOM: enchant monster (good)
 11455 | Lair:2   | Noticed a death yak
 11456 | Lair:2   | Noticed a death yak
 11456 | Lair:2   | Noticed a death yak
 11482 | Lair:2   | Killed a death yak
 11483 | Lair:2   | Noticed a death yak
 11483 | Lair:2   | Noticed a death yak
 11483 | Lair:2   | Noticed a death yak
 11486 | Lair:2   | XOM: confuse monster(s)
 11487 | Lair:2   | XOM: summons friendly quasit
 11492 | Lair:2   | Killed a death yak
 11492 | Lair:2   | XOM: potion effect (brilliance)
 11500 | Lair:2   | Killed a death yak
 11502 | Lair:2   | Killed a death yak
 11506 | Lair:2   | Killed a death yak
 11507 | Lair:2   | Gained mutation: You have hoof-like feet. [demonic
                  | ancestry]
 11507 | Lair:2   | Reached XP level 12. HP: 89/92 MP: 12/12
 11520 | Lair:2   | Killed a death yak
 11575 | Lair:2   | XOM: cast spell 'Shadow Creatures'
 11589 | Lair:2   | XOM: 1-stop teleportation journey
 11626 | Lair:2   | XOM: polymorph wolf -> boggart
 11639 | Lair:2   | XOM: divination: detect items
 11729 | Lair:2   | XOM: scenery: summon butterflies
 11734 | Lair:2   | XOM: confuse monster(s)
 11783 | Lair:2   | XOM: 1-stop teleportation journey
 12041 | Lair:2   | XOM: confusion (+ monsters)
 12138 | Lair:2   | XOM: destruction
 12139 | Lair:2   | XOM: cleaving
 12141 | Lair:2   | XOM: enchant monster (good)
 12146 | Lair:2   | XOM: polymorph elephant -> cyclops
 12195 | Lair:2   | XOM: give mutation
 12195 | Lair:2   | Gained mutation: You are agile. (Dex +2) [Xom's grace]
 12644 | Lair:3   | XOM: 1-stop teleportation journey
 12698 | Lair:3   | Reached skill level 10 in Fighting
 12714 | Lair:3   | XOM: 5-stop teleportation journey
 12838 | Lair:3   | XOM: enchant monster (bad)
 12895 | Lair:3   | Found a hole to the Spider Nest.
 12912 | Lair:3   | Reached skill level 1 in Evocations
 12923 | Lair:3   | XOM: give mutations
 12923 | Lair:3   | Gained mutation: Your spells are a little easier to cast,
                  | but a little less powerful. [Xom's mischief]
 12923 | Lair:3   | Lost mutation: You have sharp fingernails. [Xom's mischief]
 12923 | Lair:3   | Gained mutation: You do not regenerate when monsters are
                  | visible. [Xom's mischief]
 12923 | Lair:3   | Lost mutation: Your spells are a little easier to cast, but
                  | a little less powerful. [Xom's mischief]
 12962 | Lair:3   | XOM: summons 9 friendly demons
 13078 | Lair:3   | XOM: summons 4 hostile shadow creatures
 13147 | Lair:3   | XOM: give mutations
 13147 | Lair:3   | Lost mutation: You are partially covered in large bone
                  | plates. (SH +4) [Xom's mischief]
 13147 | Lair:3   | Lost mutation: You are agile. (Dex +2) [Xom's mischief]
 13212 | Lair:3   | XOM: summons 1 hostile demon
 13470 | Lair:3   | Identified the +5 dagger "Hellblazer" {holy, *Rage Str+6
                  | Int-5}
 13486 | Lair:3   | Found a staircase to the Swamp.
 13774 | Lair:4   | XOM: summons 2 hostile shadow creatures
 13831 | Lair:4   | XOM: stat loss: -1 Int (13/14)
 13881 | Lair:4   | XOM: god gift: piece from Xom's chessboard (15/15)
 13977 | Lair:4   | XOM: stat loss: -1 Dex (12/14)
 14205 | Lair:4   | Found a blossoming altar of Fedhas.
 14220 | Lair:4   | XOM: confuse monster(s)
 14512 | Lair:4   | Noticed a catoblepas
 14517 | Lair:4   | XOM: summons friendly crimson imp
 14519 | Lair:4   | Identified the +4 glaive of the Viper {drain, *Noise rN+
                  | MP+9 SInv} (Xom gifted it to you on level 4 of the Lair of
                  | Beasts)
 14519 | Lair:4   | XOM: god gift: +4 glaive of the Viper {drain, *Noise rN+
                  | MP+9 SInv}
 14520 | Lair:4   | XOM: summons 2 friendly demons
 14526 | Lair:4   | XOM: polymorph quasit -> crimson imp
 14526 | Lair:4   | Killed a catoblepas
 14556 | Lair:4   | XOM: polymorph crimson imp -> white imp
 14583 | Lair:4   | XOM: 1-stop teleportation journey
 14696 | Lair:4   | XOM: give mutation
 14696 | Lair:4   | Gained mutation: You are weak. (Str -2) [Xom's mischief]
 14722 | Lair:4   | XOM: cloud trail
 14798 | Lair:5   | Reached XP level 13. HP: 104/104 MP: 13/13
 14799 | Lair:5   | XOM: divination: magic mapping
 14893 | Lair:5   | XOM: cast spell 'Alistair's Intoxication'
 14897 | Lair:5   | XOM: silly message
 14989 | Lair:5   | XOM: confuse monster(s)
 15001 | Lair:5   | XOM: fog
 15007 | Lair:5   | Reached skill level 5 in Evocations
 15020 | Lair:5   | XOM: 4-stop teleportation journey
 15178 | Lair:5   | XOM: give mutations
 15178 | Lair:5   | Gained mutation: You are frail. (-10% HP) [Xom's mischief]
 15178 | Lair:5   | Lost mutation: You are frail. (-10% HP) [Xom's mischief]
 15178 | Lair:5   | Gained mutation: You expend magic power (3 MP) to
                  | strengthen your wands. [Xom's mischief]
 15241 | Lair:5   | XOM: silly message
 15896 | Lair:5   | XOM: confuse monster(s)
 15901 | Lair:5   | Noticed a spark wasp
 15901 | Lair:5   | a five-headed hydra changed into a spark wasp
 15901 | Lair:5   | XOM: polymorph five-headed hydra -> spark wasp
 15907 | Lair:5   | HP: 1/106 [spark wasp (16)]
 15914 | Lair:5   | Killed a spark wasp
 16205 | Lair:5   | XOM: divination: detect creatures
 16289 | Lair:5   | XOM: 1-stop teleportation journey
 16886 | Lair:5   | XOM: potion effect (curing)
 16888 | Lair:5   | Noticed a bunyip
 16888 | Lair:5   | an alligator changed into a bunyip
 16888 | Lair:5   | XOM: polymorph alligator -> bunyip
 16894 | Lair:5   | Killed a bunyip
 17036 | Lair:5   | XOM: draining
 17246 | Lair:6   | Entered Level 6 of the Lair of Beasts
 17254 | Lair:5   | XOM: give mutation
 17254 | Lair:5   | Gained mutation: You are very weak. (Str -4) [Xom's
                  | mischief]
 17282 | Lair:5   | Reached skill level 15 in Polearms
 17499 | Lair:6   | XOM: 1-stop teleportation journey
 17534 | Lair:6   | XOM: divination: detect items
 17541 | Lair:6   | XOM: cleaving
 17599 | Lair:6   | XOM: noise
 17600 | Lair:6   | XOM: scenery: create altars
 17657 | Lair:6   | XOM: summons 2 friendly demons
 17746 | Lair:6   | XOM: confuse monster(s)
 17765 | Lair:6   | XOM: enchant monster (bad)
 17858 | Lair:6   | XOM: divination: magic mapping
 17988 | Lair:6   | XOM: scenery: summon butterflies
 17991 | Lair:6   | XOM: noise
 17997 | Lair:6   | XOM: polymorph butterfly -> acid dragon
 18056 | Lair:6   | XOM: 5-stop teleportation journey
 18339 | Lair:6   | Gained mutation: You are surrounded by a moderate repulsion
                  | field. (EV +3) [demonic ancestry]
 18339 | Lair:6   | Reached XP level 14. HP: 113/113 MP: 14/14
 18419 | Lair:6   | XOM: noise
 18982 | Lair:6   | Reached skill level 16 in Polearms
 19206 | Lair:6   | XOM: silly message
 19337 | Lair:6   | Found a runed translucent door.
 19338 | Lair:6   | Found a viscous altar of Jiyva.
 19342 | Lair:6   | Found a staircase to the Slime Pits.
 19676 | Lair:4   | XOM: enchant monster (good)
 19679 | Lair:4   | XOM: polymorph four-headed hydra -> fire dragon
 19958 | Lair:4   | XOM: stat loss: -1 Str (17/18)
 20457 | D:11     | XOM: scenery: summon butterflies
 20459 | D:11     | XOM: confuse monster(s)
 20464 | D:11     | HP: 2/112 [gargoyle/stone arrow (15)]
 20471 | D:11     | HP: 2/113 [manticore/volley of spikes (5)]
 20472 | D:11     | Slain by a gargoyle

Illustrated notes

Levels and vault maps discovered:
D:1:      ldierk_walled_garden, layout_rooms
D:2:      layout_basic, basic_altar, uniq_robin
D:3:      layout_rooms, nicolae_tso_swordbearing_angel,
          chequers_ecumenical_altar_simple_redux, serial_shops, shop, uniq_ijyb
D:4:      layout_rooms, temple_pool_b
D:5:      layout_basic, uniq_edmund
D:6:      layout_cave_pods, gup_sewer_entry_glass, uniq_grinder
D:7:      layout_loops_corners, uniq_maggie
D:8:      wander_kiku_kobolds, layout_loops_ring, david_lair_generic,
          uniq_erica, uniq_joseph
D:9:      layout_roguey, uniq_psyche
D:10:     cheibrodos_two_vegetables, layout_rooms, introduction_to_nature_2
D:11:     layout_cave_pools, david_orc_4, onia_ninara_dug_in_and_dangerous
Lair:1:   layout_hall_layers, lemuel_fruit_fields, grunt_megastairs_3
Lair:2:   layout_chaotic_city
Lair:3:   layout_roguey, minmay_swamp_entry_swarm,
          nicolae_spider_entry_non_spiders, special_room [special_room_bee]
Lair:4:   layout_cave_pods, hangedman_tree_tricks, serial_bayou_shore_a
Lair:5:   nzn_winding_woodlands_stair_trap
          [nzn_winding_woodlands_5x15_river_crossing,
          nzn_winding_woodlands_5x15_eye, nzn_winding_woodlands_5x15_sidewinder,
          nzn_winding_woodlands_15x15_boxy_spiral,
          nzn_winding_woodlands_5x15_longhouse,
          nzn_winding_woodlands_5x15_twine, nzn_winding_woodlands_5x15_pockets],
          layout_small_grid, roderic_carrion_pond
Lair:6:   minmay_lair_end_frog_pond, layout_long_grid, slime_altar_2,
          columned_hall_lemuel

Skill      XL: |  1  2  3  4  5  6  7  8  9 10 11 12 13 14 |
---------------+-------------------------------------------+-----
Dodging        | 1 3 5 |  5.0
Armour         | 2 3 6 9 |  9.0
Polearms       | 3 5 7 8 10 12 14 15 16 | 16.2
Throwing       | 2 3 |  3.0
Fighting       | 4 7 10 11 | 11.0
Evocations     | 4 7 8 |  8.4

Action                   |  1- 3 |  4- 6 |  7- 9 | 10-12 | 13-15 || total
-------------------------+-------+-------+-------+-------+-------++-------
Melee: Spear             |   133 |   184 |    67 |       |       ||   384
       Trident           |       |       |   294 |   875 |   391 ||  1560
       Peck              |       |       |    44 |   154 |    98 ||   296
       Unarmed           |       |       |       |     1 |       ||     1
       Glaive            |       |       |       |     2 |   136 ||   138
Throw: Javelin           |       |     4 |       |       |       ||     4
       Dart              |       |       |       |     2 |       ||     2
Evoke: Wand              |       |     1 |     6 |     6 |     9 ||    22
       Piece from Xom's  |       |       |       |       |     2 ||     2
       Box of beasts     |       |       |       |       |     1 ||     1
  Use: Scroll            |       |       |     9 |     7 |     3 ||    19
       Potion            |       |       |       |     2 |     4 ||     6
 Stab: Confused          |     1 |       |     3 |     6 |     1 ||    11
       Paralysed         |     1 |     2 |       |     3 |     2 ||     8
       Distracted        |       |       |       |     1 |     1 ||     2
Armor: Leather armour    |    46 |    61 |    18 |       |       ||   125
       Scale mail        |       |       |   125 |   243 |   119 ||   487
Dodge: Dodged            |    63 |    90 |   135 |   340 |   186 ||   814
Block: Other             |       |    14 |    45 |    95 |       ||   154

Table legend: (Time is in decaauts)
 A = Elapsed time spent in this place.
 B = Non-inter-level travel time spent in this place.
 C = Inter-level travel time spent in this place.
 D = Time resting spent in this place.
 E = Time spent auto-exploring this place.
 F = Levels seen in this place.
 G = Mean time per level.
                   A        B        C        D        E       F      G
               +--------+--------+--------+--------+--------+-----+--------+
         Total |  19949 |  19107 |    842 |   2083 |  13576 |  18 | 1108.3 |
       Dungeon |  10024 |   9580 |    444 |   1038 |   6756 |  11 |  911.3 |
          Lair |   9452 |   9054 |    398 |   1010 |   6634 |   6 | 1575.3 |
         Sewer |    473 |    473 |      0 |     35 |    186 |   1 |  473.0 |
               +--------+--------+--------+--------+--------+-----+--------+

Top non-repeatable levels by time:
  Lair:5: 2879 daAuts
  Lair:6: 1833 daAuts
  Lair:4: 1574 daAuts
     D:5: 1532 daAuts
     D:8: 1239 daAuts
  Lair:3: 1224 daAuts
     D:3: 1067 daAuts
     D:9: 1060 daAuts
  Lair:2: 1021 daAuts
     D:4: 959 daAuts
     D:7: 933 daAuts
     D:2: 924 daAuts
  Lair:1: 918 daAuts
    D:10: 836 daAuts
     D:6: 825 daAuts
